 Dungeon Crawl Stone Soup version 0.29.1-2-gbd0b4ee654 (webtiles) character file.

Game seed: 1380584151764436535

519 hawla the Chiller (level 7, -9/50 HPs)
             Began as a Meteoran Ice Elementalist on Oct 31, 2022.
             Was an Initiate of Vehumet.
             Killed from afar by Pikel (28 damage)
             ... with a bolt of acid
             ... on level 5 of the Dungeon on Nov 1, 2022.
             The game lasted 00:10:36 (2823 turns).

hawla the Chiller (Meteoran Ice Elementalist)       Turns: 2823, Time: 00:10:37

Health: -9/50      AC:  6    Str: 10    XL:     7   Next: 74%
Magic:  14/15      EV: 13    Int: 18    God:    Vehumet [......]
Gold:   137        SH:  0    Dex: 15    Spells: 7/15 levels left

rFire   + . .      SeeInvis .   m - +6 whip "Exuorijo" {drain, rElec}
rCold   . . .      Faith    .   (no shield)
rNeg    . . .      Spirit   .   a - +0 robe
rPois   .          Reflect  .   (no helmet)
rElec   +          Harm     +   i - +1 cloak "Bisch" {Harm +Inv Will+}
rCorr   .          Rampage  .   (no gloves)
Will    +....                   g - +1 pair of boots
Stlth   +.........              (no amulet)
HPRegen 0.16/turn               o - ring of flight
MPRegen 0.14/turn               p - ring of protection from fire

@: brilliant, flying, glowing
A: sense surroundings 1, otherworldly, glowing, explore regen
a: Renounce Religion, Evoke Invisibility


You were on level 5 of the Dungeon.
You worshipped Vehumet.
Vehumet was noncommittal.
You visited 2 branches of the dungeon, and saw 6 of its levels.

You collected 237 gold pieces.
You spent 100 gold pieces at shops.

Inventory:

Hand Weapons
 m - the +6 whip "Exuorijo" (weapon) {drain, rElec}
   (You found it on level 4 of the Dungeon)

   A truly terrible weapon, it drains the life of any living foe it strikes.
   rElec:     It insulates you from electricity.
Armour
 a - a +0 robe (worn)
 g - a +1 pair of boots (worn)
 i - the +1 cloak "Bisch" (worn) {Harm +Inv Will+}
   (You found it on level 2 of the Dungeon)

   +Inv:      It lets you turn invisible.
   Harm:      It increases damage dealt and taken.
   Will:      It increases your willpower.
Jewellery
 o - a ring of flight (left hand)
 p - a ring of protection from fire (right hand)
Wands
 u - a wand of polymorph (3)
 v - a wand of flame (18)
Scrolls
 h - 4 scrolls of identify
 k - a scroll of brand weapon
 q - a scroll of enchant armour {unknown}
 r - a scroll of enchant weapon
Potions
 b - a potion of magic
 d - 3 potions of flight
 e - a potion of cancellation
 f - 3 potions of haste
 l - 2 potions of brilliance
 s - a potion of heal wounds {unknown}


   Skills:
 - Level 0.1 Fighting
 - Level 3.0 Dodging
 - Level 1.4 Stealth
 - Level 4.8 Spellcasting
 + Level 4.5 Conjurations
 - Level 7.0 Ice Magic


You had 7 spell levels left.
You knew the following spells:

 Your Spells              Type           Power      Damage    Failure   Level
a - Freeze                Ice            100%       1d11      1%          1
b - Frozen Ramparts       Ice            88%        1d14      2%          3
c - Hailstorm             Conj/Ice       37%        3d9       12%         4

Your spell library contained the following spells:

 Spells                   Type           Power      Damage    Failure   Level
 Ozocubu's Armour         Ice            44%        N/A       2%          3
 Ensorcelled Hibernation  Hex/Ice        50%        N/A       4%          2
 Apportation              Tloc           12%        N/A       14%         1
 Necrotise                Necr           24%        1d5       14%         1
 Summon Small Mammal      Summ           24%        N/A       14%         1
 Passwall                 Tmut/Erth      5%         N/A       21%         2
 Poisonous Vapours        Pois/Air       12%        N/A       21%         2
 Swiftness                Air            6%         N/A       38%         3
 Corpse Rot               Necr/Pois/Air  6%         N/A       80%         4


Dungeon Overview and Level Annotations

Branches:
Dungeon (5/15) Zot: 320    Temple (1/1) D:5 Zot: 454

Altars:
Ashenzari
Cheibriados
Makhleb
Nemelex Xobeh
Okawaru
Ru
Trog
Uskayaw
Vehumet
Xom
Yredelemnul
The Shining One

Shops:
D:3 *

Annotations:
D:5 Pikel


Innate Abilities, Weirdness & Mutations

You passively map a small area around you.
You are easily found by Zot.
You glow in the dark.
You regain HP and MP as you explore.


Message History

Pikel shouts!
You hit the lemure. Your punch misses the lemure.
The lemure is lightly wounded.
The lemure hits you but does no damage. The lemure hits you.
You hit the lemure.
The lemure is moderately wounded.
The lemure closely misses you. The lemure hits you.
The lemure attacks as you move away! The lemure hits you. x2
The lemure barely misses you. The lemure hits you.
A white imp comes into view.
The white imp shouts!
You hit the lemure.
The lemure is lightly wounded.
The lemure closely misses you. x2; The lemure hits you!
* * * LOW HITPOINT WARNING * * *
The lemure misses you. The lemure barely misses you.
Pikel hits you with a +1 whip of flaming.
* * * LOW HITPOINT WARNING * * *
As you read the scroll of fear, it crumbles to dust.
You assume a fearsome visage.
Pikel looks frightened!
The lemure looks frightened! x4; The white imp looks frightened!
The necrophage is unaffected.
Pikel supplicates, "Please!
I have a lot of children!"
You feel better. The necrophage barely misses you.
Okay, then.
Really read the scroll of poison?
The air fills with toxic fumes!
As you read the scroll of poison, it crumbles to dust.
The necrophage barely misses you.
It was a potion of brilliance.
You feel clever all of a sudden.
Cornered, the lemure turns to fight! x2; The lemure is engulfed in poison gas.
The lemure is poisoned.
Cornered, the lemure turns to fight!
The necrophage hits you but does no damage.
Cornered, Pikel turns to fight!
You closely miss the necrophage.
The lemure is engulfed in poison gas.
The lemure looks even sicker.
Pikel zaps a wand.
The bolt of acid hits you!!
Ouch! That really hurt!
You die...

* , .##.#..#...#..##.. ,,
#§§.,#§§§§.§§§....#..... ,
#§§§*#§§§§§§§...#....... ,
#§§§##§§§§§§....#...#...
#§§§5§§§§§§....###......
#§#§5§§K§§....).........
##§§§§§§§#...#.....#...#
..#§§§§§§§§#§###..>..###..
..§§§§5§n@§§§§§#.....#....
######§§§§##§§§§§.......#.
..§5§§§§§#§...§§§###......
*
######.§§###....§.#(......
#§§§.##......#..#....
###§..#...........##.
#§....#.........#..
#§....#......##.##.
#...(..).†...##.###


You could see Pikel, 4 lemures and a necrophage.

Vanquished Creatures
  An ice beast (D:3)
  3 scorpions (D:5)
  An orc wizard (D:3)
  Ijyb (D:5)
  An iguana (D:5)
  6 gnolls
  4 adders (D:5)
  A worm (D:3)
  4 dart slugs
  6 orcs
  3 ball pythons
  8 bats
  5 endoplasms
  2 giant cockroaches (D:1)
  7 goblins
  8 hobgoblins
  5 kobolds
  2 quokkas (D:1)
  5 frilled lizards
  3 rats
76 creatures vanquished.

Notes
Turn   | Place    | Note
-------+----------+-------------------------------------------
     0 | D:1      | hawla the Meteoran Ice Elementalist began the quest for the
                  | Orb.
     0 | D:1      | Reached XP level 1. HP: 14/14 MP: 5/5
    42 | D:1      | Reached XP level 2. HP: 20/20 MP: 3/6
   213 | D:1      | Found a faded altar of an unknown god.
   273 | D:1      | Reached skill level 5 in Ice Magic
   273 | D:1      | Reached XP level 3. HP: 26/26 MP: 2/8
   500 | D:1      | Glimpsed the power of Zot.
   873 | D:2      | Reached XP level 4. HP: 33/33 MP: 8/10
   877 | D:2      | Identified the +1 cloak "Bisch" {Harm +Inv Will+}
  1091 | D:3      | Learned a level 3 spell: Frozen Ramparts
  1189 | D:3      | Reached XP level 5. HP: 30/38 MP: 5/12
  1229 | D:3      | Found Jamyal's Assorted Antiques.
  1236 | D:3      | Bought a scroll labelled EGUXIU DADGHYC for 20 gold pieces
  1236 | D:3      | Bought a scroll labelled ANIULU TADOB for 20 gold pieces
  1236 | D:3      | Bought 3 scrolls labelled IHYUPU DOEFYLL for 60 gold pieces
  1252 | D:3      | Noticed an ice beast
  1307 | D:3      | Killed an ice beast
  1308 | D:3      | Reached skill level 6 in Ice Magic
  1308 | D:3      | Reached XP level 6. HP: 34/45 MP: 12/14
  1313 | D:3      | Learned a level 4 spell: Hailstorm
  1701 | D:3      | Glimpsed the power of Zot.
  1731 | D:4      | Found an iron altar of Okawaru.
  1746 | D:4      | Found a sacrificial altar of Ru.
  1890 | D:4      | Identified the +6 whip "Exuorijo" {drain, rElec}
  2300 | D:4      | Glimpsed the power of Zot.
  2350 | D:4      | Glimpsed the power of Zot.
  2373 | D:5      | Entered Level 5 of the Dungeon
  2476 | D:5      | Noticed a +0 falchion
  2486 | D:5      | Reached skill level 1 in Conjurations
  2486 | D:5      | Reached skill level 7 in Ice Magic
  2486 | D:5      | Reached XP level 7. HP: 49/50 MP: 9/15
  2509 | D:5      | Noticed a +0 spear
  2509 | D:5      | Noticed a +0 dagger
  2510 | D:5      | Noticed a +0 short sword
  2511 | D:5      | Noticed a +0 dagger
  2512 | D:5      | Noticed a +0 spear
  2512 | D:5      | Noticed a +0 falchion
  2513 | D:5      | Noticed a +0 short sword
  2518 | D:5      | Found a hide-covered altar of Uskayaw.
  2556 | D:5      | Found a staircase to the Ecumenical Temple.
  2568 | Temple   | Entered the Ecumenical Temple
  2694 | Temple   | Became a worshipper of Vehumet
  2747 | D:5      | Noticed Ijyb
  2767 | D:5      | Killed Ijyb
  2812 | D:5      | Noticed Pikel
  2823 | D:5      | Killed from afar by Pikel

Illustrated notes

Levels and vault maps discovered:
D:1:      scummos_arrival_checkerplants, layout_basic,
          shapermc_ecumenical_altar_gd, minmay_misc_feat_room
D:2:      layout_loops_ring
D:3:      layout_loops_ring, serial_shops, shop
D:4:      layout_loops_ring, mainiacjoe_overflow_concentric_impassable,
          okawaru_metal_pillars_1_2
D:5:      layout_cave_pools, nicolae_uskayaw_en_pointe,
          minmay_temple_entry_tees, serial_shops, nicolae_shop_advertising_works
          [nicolae_subvault_shop_adworks], portal_sewer_entry_d,
          uniq_crazy_yiuf_cottage, uniq_pikel, uniq_prince_ribbit1, uniq_ijyb
Temple:   nicolae_temple_slightly_damp_pantheon

Skill      XL: |  1  2  3  4  5  6  7 |
---------------+----------------------+-----
Ice Magic      | 5 6 7 |  7.0
Spellcasting   | 3 4 |  4.8
Dodging        | 3 |  3.0
Conjurations   | 1 4 |  4.5
Fighting       | |  0.1
Stealth        | |  1.4

Action                   |  1- 3 |  4- 6 |  7- 9 || total
-------------------------+-------+-------+-------++-------
Melee: Unarmed           |     8 |    21 |       ||    29
       Whip              |       |    16 |    18 ||    34
       Punch             |       |       |     1 ||     1
 Cast: Freeze            |    38 |    30 |     3 ||    71
       Frozen Ramparts   |       |     9 |     7 ||    16
       Hailstorm         |       |       |     2 ||     2
  Use: Scroll            |     1 |    11 |     3 ||    15
       Potion            |       |     2 |     2 ||     4
Armor: Robe              |    14 |    18 |    12 ||    44
       Skin              |       |     7 |       ||     7
Dodge: Dodged            |    17 |    24 |    18 ||    59
